 Dungeon Crawl Stone Soup version 0.24.0-13-gcf9b319 (webtiles) character file.

Game seed: 14422159571512609371, levelgen mode: deterministic

1364 severen the Caller (level 8, -2/48 HPs)
             Began as an Octopode Wanderer on Dec 4, 2019.
             Slain by an ogre
             ... wielding a +0 giant club
              (14 damage)
             ... on level 7 of the Dungeon.
             The game lasted 00:29:45 (8022 turns).

severen the Caller (Octopode Wanderer)              Turns: 8022, Time: 00:29:45

Health: -2/48      AC:  1    Str: 11    XL:     8   Next: 64%
Magic:  10/14      EV: 12    Int: 16    God:
Gold:   176        SH:  0    Dex: 12    Spells: 11/15 levels left

rFire    . . .     SeeInvis .     - Unarmed
rCold    . . .     Gourm    .   (no shield)
rNeg     . . .     Faith    .   (helmet restricted)
rPois    .         Spirit   .   (no amulet)
rElec    .         Reflect  .   h - ring of resist corrosion
rCorr    +         Harm     .   (no ring)
MR       .....                  (no ring)
Stlth    +++.......             (no ring)
HPRegen  0.16/turn              (no ring)
MPRegen  0.14/turn              (no ring)
                                (no ring)
                                (no ring)

@: no status effects
A: almost no armour, stealthy swim, amphibious, 8 rings, constrict 8, camouflage
1, gelatinous body 1
a: no special abilities


You were on level 7 of the Dungeon.
You were hungry.

You visited 1 branch of the dungeon, and saw 7 of its levels.

You collected 176 gold pieces.

Inventory:

Hand Weapons
 a - a +0 dagger
Missiles
 g - 146 stones
 j - 40 poisoned darts (quivered)
 k - 5 datura-tipped darts
 o - 2 javelins
 q - 9 boomerangs
Armour
 m - a +0 shield
Jewellery
 h - a ring of resist corrosion (left tentacle)
Wands
 b - a wand of paralysis (7)
 n - a wand of random effects (14)
Scrolls
 c - 2 scrolls of blinking
 e - 2 scrolls of amnesia
 i - 5 scrolls of remove curse
 l - a scroll of fear
 r - 3 scrolls of identify
 s - a scroll of teleportation
Potions
 d - 2 potions of flight
 p - 3 potions of haste
Comestibles
 f - 17 rations


   Skills:
 - Level 1.4 Fighting
 - Level 1.3 Stealth
 * Level 4.2 Shields
 + Level 2.4 Unarmed Combat
 + Level 4.4 Spellcasting
   Level 1.0 Conjurations
 + Level 6.4 Summonings
   Level 2.0 Transmutations
 - Level 3.4 Ice Magic
   Level 2.0 Air Magic
 - Level 1.1 Evocations


You had 11 spell levels left.
You knew the following spells:

 Your Spells              Type           Power        Failure   Level  Hunger
a - Summon Ice Beast      Ice/Summ       ###.....     22%         4    ####...

Your spell library contained the following spells:

 Spells                   Type           Power        Failure   Level  Hunger
 Summon Small Mammal      Summ           ###.         1%          1    None
 Call Imp                 Summ           ###.....     1%          2    ##.....
 Call Canine Familiar     Summ           ###.....     3%          3    ###....
 Shock                    Conj/Air       #...         9%          1    None
 Summon Guardian Golem    Hex/Summ       ##......     13%         3    ###....
 Confusing Touch          Hex            #.....       16%         1    None
 Corpse Rot               Necr           N/A          24%         2    ##.....
 Sublimation of Blood     Necr           #.........   24%         2    ##.....
 Static Discharge         Conj/Air       #.......     26%         3    ###....
 Summon Lightning Spire   Summ/Air       ###.....     28%         4    ####...
 Confuse                  Hex            #.......     43%         3    ###....
 Gell's Gravitas          Tloc           #.........   43%         3    ###....
 Petrify                  Tmut/Erth      #.......     71%         4    ####...
 Metabolic Englaciation   Hex/Ice        #.........   92%         5    ######.
 Yara's Violent Unravell  Hex/Tmut       #.........   96%         5    ######.


Dungeon Overview and Level Annotations

Branches:
Dungeon (7/15)
 Temple: D:4-7

Altars:
Cheibriados
Gozag
Zin

Annotations:
D:4 2 transporters, wampuh's ghost, amateur GnWn


Innate Abilities, Weirdness & Mutations

You cannot wear most types of armour.
You are very stealthy in the water. (Stealth+)
You are amphibious.
You can wear up to eight rings at the same time.
You can use your tentacles to constrict eight enemies at once.
Your skin changes colour to match your surroundings (Stealth+).
Your rubbery body absorbs attacks. (AC +1, EV +1)


Message History

Throwing (i - inventory. (/) - cycle)
j - 41 poisoned darts (quivered)
Press: ? - help, Shift-Dir - straight line, f/p - howler monkey
Aim: a howler monkey (moderately wounded, poisoned, catching its breath)
You throw a poisoned dart.
The poisoned dart hits the howler monkey.
The howler monkey looks as sick as possible!
The howler monkey is moderately wounded.
The howler monkey hoots and howls with incredible vigour!
You hear a shout!
You hear a loud, deep croak!
You hear a shout! x2
The howler monkey hoots and howls with incredible vigour!
You hear a shout!
You tentacle-slap the howler monkey.
You kill the howler monkey!
An ogre comes into view. It is wielding a +0 giant club.
The ogre hits you with a +0 giant club!!
* * * LOW HITPOINT WARNING * * *
Casting: Summon Ice Beast (slightly dangerous; 22% risk of failure)
Confirm with . or Enter, or press ? or * to list all spells.
A chill wind blows around you. The ogre hits you with a +0 giant club!
You die...

#.. #.. #.. #.# #.# #
#.# #.#.####.#
.(((.(Y.O#### #
.#....@....# #.# .
#.#######.########.##.
....................
#######.####........
###.####........
................
..#.####........ ..#.#
#........
...#.####........


You could see an ogre and a friendly ice beast.

Vanquished Creatures
  A centaur (D:5)
  2 bullfrogs (D:6)
  Blork the orc (D:6)
  A howler monkey (D:7)
  A bullfrog zombie (D:7)
  A centaur skeleton (D:4)
  2 hounds (D:6)
  3 orc wizards
  6 worker ants
  2 gnolls (D:4)
  8 adders
  2 shadow imps (D:6)
  4 oozes
  A worm (D:5)
  3 dart slugs
  A leopard gecko (D:4)
  16 orcs
  A ball python (D:3)
  8 bats
  7 giant cockroaches
  8 goblins
  6 hobgoblins
  9 jackals
  4 quokkas
  7 frilled lizards
  8 kobolds
  13 rats
126 creatures vanquished.

Vanquished Creatures (collateral kills)
  2 orc warriors (D:6)
  3 ogres
  A centaur (D:7)
  2 gnoll sergeants
  An electric eel (D:6)
  A jelly (D:5)
  A gnoll shaman (D:5)
  An orc wizard (D:6)
  An adder (D:4)
  7 gnolls
  An orc (D:6)
21 creatures vanquished.

Vanquished Creatures (others)
  2 plants (D:6)
2 creatures vanquished.

Grand Total: 149 creatures vanquished

Notes
Turn   | Place    | Note
-------+----------+-------------------------------------------
     0 | D:1      | severen the Octopode Wanderer began the quest for the Orb.
     0 | D:1      | severen set off with the following items: a +0 dagger, a
                  | ration; and the following spells available to memorise:
                  | Shock, Summon Small Mammal, Call Imp, Corpse Rot,
                  | Sublimation of Blood, Static Discharge, Call Canine
                  | Familiar, Summon Guardian Golem, Summon Lightning Spire,
                  | Summon Ice Beast
     0 | D:1      | Reached XP level 1. HP: 11/11 MP: 3/3
   221 | D:1      | Reached skill level 1 in Unarmed Combat
   221 | D:1      | Reached XP level 2. HP: 13/17 MP: 5/5
   487 | D:1      | Reached XP level 3. HP: 15/22 MP: 6/6
   792 | D:2      | Reached skill level 1 in Fighting
  1102 | D:2      | Reached XP level 4. HP: 23/28 MP: 8/8
  1108 | D:2      | Learned a level 4 spell: Summon Ice Beast
  1147 | D:2      | Found a faded altar of an unknown god.
  2065 | D:3      | Reached skill level 2 in Summonings
  2065 | D:3      | Reached skill level 1 in Ice Magic
  2065 | D:3      | Reached XP level 5. HP: 24/33 MP: 9/9
  2815 | D:3      | Found an opulent altar of Gozag.
  2815 | D:3      | Found a glowing silver altar of Zin.
  3259 | D:4      | Noticed a phantom
  3264 | D:4      | Found a transporter.
  3265 | D:4      | Noticed wampuh's ghost (amateur GnWn)
  3265 | D:4      | Noticed an ogre
  3350 | D:4      | Reached skill level 3 in Summonings
  3613 | D:4      | Reached XP level 6. HP: 12/38 MP: 10/10
  3997 | D:4      | Reached skill level 4 in Summonings
  4369 | D:4      | Found a transporter.
  4622 | D:4      | Reached XP level 7. HP: 43/43 MP: 6/11
  4708 | D:5      | Entered Level 5 of the Dungeon
  4862 | D:5      | Reached skill level 5 in Summonings
  4919 | D:5      | Reached skill level 1 in Shields
  5818 | D:6      | Reached XP level 8. HP: 40/48 MP: 13/13
  6124 | D:6      | Reached skill level 6 in Summonings
  6319 | D:6      | Found a snail-covered altar of Cheibriados.
  6922 | D:6      | Noticed Blork the orc
  6933 | D:6      | Killed Blork the orc
  8022 | D:7      | Slain by an ogre

Levels and vault maps discovered:
D:1:      nicolae_arrival_memento_mori, layout_rooms, hangedman_decor_growths
D:2:      layout_basic, chequers_ecumenical_altar_simple, skrybe_limestone_x
D:3:      layout_basic, grunt_temple_overflow_gold_and_silver
D:4:      layout_gridville, first_ration, gammafunk_ghost_mausoleum,
          minmay_close_crescents
D:5:      layout_cave_pods
D:6:      layout_layer_cave, basic_altar, serial_bayou_pond_b,
          uniq_blork_the_orc
D:7:      layout_basic, minmay_temple_entry_water_ring

Skill      XL: |  1  2  3  4  5  6  7  8 |
---------------+-------------------------+-----
Unarmed Combat | 1 2 |  2.4
Fighting       | 1 |  1.4
Summonings     | 2 3 4 5 6 |  6.4
Ice Magic      | 1 2 3 |  3.4
Shields        | 2 4 |  4.2
Spellcasting   | 3 4 |  4.4
Stealth        | |  1.3
Conjurations   | |  1.0
Transmutations | |  2.0
Air Magic      | |  2.0
Evocations     | |  1.1

Action                   |  1- 3 |  4- 6 |  7- 9 || total
-------------------------+-------+-------+-------++-------
Melee: Unarmed           |    81 |   165 |   122 ||   368
       Constrict         |    19 |    46 |    31 ||    96
       Tentacles         |    15 |    33 |    34 ||    82
       Punch             |     1 |     1 |     4 ||     6
Throw: Dart              |     1 |    20 |    37 ||    58
 Cast: Summon Ice Beast  |       |     3 |    16 ||    19
  Use: Scroll            |     5 |     5 |     2 ||    12
       Potion            |       |     2 |     1 ||     3
 Stab: Sleeping          |     8 |     6 |     4 ||    18
  Eat: Chunk             |       |    12 |    14 ||    26
Armor: Skin              |     7 |    12 |     4 ||    23
Dodge: Dodged            |    45 |    81 |    58 ||   184
Block: Shield            |       |       |    14 ||    14
